Map: Dusk Towers

Players

Sicfried - Winner!

  • Race: Terran Terran

Nano

  • Race: Terran Terran
  • League: Bronze

VOD

Have the link to the VOD?

Description

Time

  • Played on: Jan. 20, 2016, 11:53 a.m.
  • Length: 17:19
Show
View Real Time Build Order
Export as new Build Order

Sicfried Terran - Winner!

Build Orders:  

Get SALT Encoding   

  12  0:01  SCV  
  13  0:13  SCV  
  14  0:19  Supply Depot  
  14  0:25  SCV  
  15  0:41  SCV  
  16  0:43  Barracks  
  16  0:53  SCV  
  16  0:56  Refinery  
  17  1:05  SCV  
  18  1:11  Supply Depot  
  18  1:17  SCV  
  19  1:33  Engineering Bay, Orbital Command  
  19  1:37  Supply Depot  
  19  1:57  Reaper  
  20  2:01  Refinery  
  20  2:07  Barracks  
  20  2:13  SCV  
  21  2:25  SCV  
  21  2:29  Reaper  
  23  2:37  SCV  
  22  3:10  Reaper  
  22  3:12  Marine  
  24  3:23  SCV  
  25  3:28  Terran Infantry Weapons Level 1  
  25  3:30  Marine  
  26  3:35  SCV  
  26  3:37  Factory  
  26  3:40  Barracks  
  27  3:49  SCV  
  27  3:50  Command Center  
  27  3:53  Barracks Tech Lab  
  27  3:54  Barracks Reactor  
  28  4:01  SCV  
  29  4:13  SCV  
  30  4:23  Starport  
  30  4:26  Missile Turret  
  30  4:31  SCV  
  31  4:39  Marine x2  
  31  4:44  SCV  
  34  4:46  Barracks Tech Lab  
  34  4:52  Barracks  
  34  4:57  Marine x2  
  34  4:58  Missile Turret  
  36  5:14  Factory Tech Lab  
  36  5:16  Starport Reactor  
  36  5:22  Terran Infantry Armor Level 1  
  36  5:27  Orbital Command  
  36  5:29  Missile Turret  
  36  5:31  SCV  
  37  5:37  Supply Depot  
  37  5:40  Widow Mine  
  39  5:43  SCV  
  39  5:44  Marauder x2  
  39  5:45  Marine  
  39  5:48  Stimpack, Concussive Shells  
  45  5:52  Marine x2  
  45  5:56  SCV  
  48  6:00  Supply Depot  
  48  6:03  Barracks Reactor  
  48  6:05  Marauder  
  48  6:06  Marauder  
  48  6:08  SCV, Widow Mine  
  48  6:10  Marine x2  
  56  6:20  SCV  
  57  6:37  Widow Mine  
  59  6:40  Missile Turret  
  59  6:42  SCV  
  60  6:49  SCV  
  60  6:54  SCV  
  60  6:57  Medivac x2  
  60  6:59  Marine x2  
  60  7:00  Marauder x2  
  60  7:01  SCV  
  60  7:06  Widow Mine  
  57  7:13  SCV  
  58  7:16  Marine x3  
  58  7:17  Marine  
  58  7:21  Marauder x2  
  66  7:25  Refinery  
  66  7:34  Marine x3  
  69  7:39  Refinery  
  69  7:40  Command Center, Supply Depot  
  69  8:02  Supply Depot, Marauder x2  
  73  8:05  SCV  
  73  8:10  Marine x4  
  78  8:24  SCV, Marauder x2, Medivac  
  85  8:28  Marine  
  86  8:52  SCV, Marauder x2, Medivac  
  93  8:58  Orbital Command  
  93  9:02  Refinery  
  92  9:04  SCV  
  93  9:14  Marauder  
  93  9:16  SCV  
  89  9:24  Medivac x2  
  89  9:29  SCV  
  94  9:35  Marauder x2, Marine x3  
  101  9:40  Supply Depot  
  101  9:47  Supply Depot  
  101  9:52  Supply Depot  
  101  10:02  SCV, Marauder x2, Marine x3  
  101  10:03  Supply Depot  
  109  10:11  Supply Depot  
  109  10:16  Supply Depot  
  109  10:24  Marauder x2  
  107  10:41  SCV  
  108  10:52  Medivac x2  
  108  10:53  SCV  
  108  10:54  Siege Tank  
  116  11:00  Marine x4  
  120  11:05  SCV  
  121  11:17  SCV  
  121  11:18  Marine x4  
  123  11:20  Refinery  
  123  11:22  Medivac x2  
  123  11:24  Armory  
  130  11:26  Siege Tank  
  130  11:29  SCV  
  130  11:30  Supply Depot  
  134  11:34  Supply Depot  
  134  11:36  Marine x4  
  138  11:52  Medivac  
  138  11:53  Supply Depot  
  140  11:56  Supply Depot  
  140  11:58  Siege Tank  
  143  12:12  Fusion Core  
  120  12:30  Siege Tank  
  117  12:47  Marine x3  
  117  12:48  Marine x3  
  123  12:52  Medivac x2  
  127  12:59  Supply Depot  
  127  13:02  Siege Tank  
  130  13:06  Marauder x2  
  134  13:17  Command Center  
  134  13:21  Supply Depot, Medivac  
  136  13:27  Marauder  
  136  13:28  Marauder  
  136  13:32  Refinery  
  140  13:34  Siege Tank  
  140  13:35  Refinery  
  140  13:39  Missile Turret  
  143  13:44  Factory  
  143  13:49  Marauder x2  
  143  13:54  Marine x3  
  150  13:57  Medivac x2  
  154  14:06  Siege Tank  
  157  14:10  Marauder x2  
  161  14:18  Terran Infantry Weapons Level 2, Engineering Bay  
  161  14:20  Combat Shields  
  161  14:24  Weapon Refit  
  161  14:27  Medivac  
  161  14:30  Starport  
  138  14:50  Orbital Command  
  138  15:09  Marine x4  
  138  15:10  Marine x2  
  144  15:17  Terran Vehicle Weapons Level 1  
  144  15:19  Medivac x2  
  148  15:23  Starport Tech Lab  
  148  15:27  Factory Tech Lab, Marine x4  
  148  15:28  Starport, Marauder x2  
  156  15:30  Siege Tank  
  159  15:45  Marine x4  
  159  15:49  Marauder x2  
  167  16:02  Siege Tank, Marine  
  167  16:03  Marine  
  172  16:11  Marauder x2  
  176  16:12  SCV  
  174  16:24  SCV  
  165  16:32  Marauder x2  
  163  16:34  Siege Tank  
  163  16:36  SCV  
  164  16:48  SCV  
Show
View Real Time Build Order
Export as new Build Order

Nano Terran 

Build Orders: MMM Bio 

Get SALT Encoding   

  12  0:13  SCV  
  13  0:19  Supply Depot  
  13  0:25  SCV  
  14  0:29  Refinery  
  14  0:37  SCV  
  15  0:51  Barracks  
  15  1:07  SCV  
  16  1:19  SCV  
  17  1:31  SCV  
  18  1:38  Barracks  
  18  1:39  Reaper  
  19  1:41  Supply Depot  
  19  1:46  SCV  
  20  1:58  SCV  
  21  2:09  Factory  
  21  2:11  SCV  
  21  2:15  Refinery  
  22  2:18  Marine  
  23  2:23  SCV  
  23  2:28  Barracks Reactor  
  24  2:35  SCV  
  25  2:57  Marine  
  26  3:01  Factory Tech Lab  
  26  3:06  Orbital Command  
  26  3:08  Marine  
  26  3:10  Command Center  
  26  3:24  Marine  
  27  3:37  Marine  
  28  3:48  Barracks Tech Lab  
  28  3:55  Marine  
  29  4:09  Supply Depot  
  29  4:12  Marine  
  29  4:14  Engineering Bay  
  30  4:17  Marine  
  30  4:19  Stimpack  
  30  4:21  Siege Tank, Marauder  
  36  4:28  SCV x2  
  38  4:37  Supply Depot  
  38  4:43  Marauder  
  38  4:45  Terran Infantry Armor Level 1  
  40  4:46  Marine x2  
  42  5:05  SCV x2, Starport  
  44  5:11  Marine x2  
  44  5:12  Marauder  
  48  5:19  Supply Depot, SCV  
  48  5:21  SCV  
  50  5:34  Marine  
  50  5:35  Marine  
  54  5:36  Marauder  
  54  5:37  SCV  
  54  5:38  SCV  
  56  5:59  Supply Depot  
  56  6:00  SCV x2, Marine x2  
  56  6:01  Marauder  
  56  6:04  Medivac  
  64  6:06  Refinery  
  64  6:15  SCV  
  64  6:16  SCV  
  66  6:26  Combat Shields  
  66  6:27  Marine x2  
  66  6:28  Marauder  
  70  6:34  SCV x2, Supply Depot  
  72  6:43  Siege Tank  
  72  6:44  Medivac  
  73  7:00  Marine x2  
  73  7:01  Marauder  
  64  7:05  Supply Depot  
  64  7:07  Terran Infantry Weapons Level 1  
  59  7:19  SCV x2  
  61  7:32  Barracks, Medivac  
  61  7:35  Supply Depot  
  63  7:38  Marine x2  
  63  7:39  Marauder  
  67  7:50  Siege Tank  
  70  7:57  Barracks  
  70  7:58  Concussive Shells  
  70  8:02  Supply Depot  
  70  8:03  Marine x2  
  70  8:04  Marauder  
  74  8:06  Medivac  
  76  8:31  Command Center  
  73  9:15  Marine x2  
  73  9:16  Marauder  
  70  9:21  Supply Depot  
  70  9:22  Barracks Reactor  
  62  9:24  Barracks Tech Lab  
  60  9:38  Refinery x2  
  60  9:53  SCV  
  60  9:59  Marine x3, Orbital Command  
  63  10:00  Marine  
  63  10:01  Marauder x2  
  63  10:06  Medivac  
  71  10:07  Siege Tank  
  53  10:35  Viking  
  53  10:36  Marine x3  
  53  10:37  Marine  
  53  10:38  Marauder x2  
  65  10:45  SCV  
  66  10:50  SCV  
  67  10:58  Marine x2  
  67  10:59  Marine x2  
  67  11:00  Marauder x2  
  75  11:04  Siege Tank  
  75  11:10  Command Center  
  78  11:17  Starport Reactor  
  76  11:18  Starport  
  76  11:19  Marine x4  
  80  11:31  Marauder x2  
  84  11:39  Supply Depot, Marine  
  85  11:40  Marine x3  
  88  11:59  Missile Turret  
  88  12:00  Marine  
  88  12:01  Marine x3  
  91  12:02  Marauder  
  91  12:03  Marauder  
  91  12:04  Siege Tank  
  64  12:40  Marine, Starport Tech Lab  
  64  12:41  Marine x3  
  64  12:42  Marauder  
  64  12:43  Marauder  
  72  13:02  SCV x2  
  74  13:06  Marine, Liberator, Orbital Command  
  74  13:07  Marine x3  
  74  13:08  Marauder x2  
  82  13:26  SCV  
  82  13:27  SCV  
  87  13:49  SCV x2  
  87  13:50  SCV  
  87  13:51  Marine x3  
  87  13:52  Marine  
  96  13:55  Marauder  
  96  14:11  SCV x3, Refinery  
  96  14:14  Marine x4  
  103  14:24  SCV x3  
  105  14:25  Marine x2  
  92  14:34  Marine x4  
  55  14:46  SCV x3  
  55  14:47  Marine  
  55  14:49  Marine  
  60  15:05  SCV x3  
  63  15:23  Marine x4  
  63  15:24  Marauder  
  63  15:25  Marauder  
  71  15:31  SCV  
  71  15:32  SCV x2  
  74  15:48  Marine x2  
  74  15:49  Marine  
  77  16:02  SCV x3  
  77  16:04  Marine  
  80  16:05  Marauder  
  55  16:27  Marine  
  55  16:28  Marine x3  
  55  16:29  Marauder  
  55  16:30  Marauder  
  50  16:45  Marine  
  50  16:46  Marine  
  49  16:48  Marine  
  49  16:49  Marine  
  49  16:51  Marauder x2  
Tags
 
Composition
MMM Bio
League
Bronze
Matchup
TvT
Race
Terran
Add a new tag
Caveats
  • Supply blocks, unpowered buildings, or Contaminate may cause inaccurate times.
  • Supply counts are checked every 10 seconds.